 Dungeon Crawl Stone Soup version 0.26.0-15-gc6cd9f7 (webtiles) character file.

Game seed: 597285075563817475

25 Jonnyslop the Grave Robber (level 2, -1/22 HPs)
             Began as a Deep Dwarf Necromancer on Jan 21, 2021.
             Slain by Terence
             ... wielding a +0 short sword of speed
              (3 damage)
             ... on level 2 of the Dungeon.
             The game lasted 00:02:53 (998 turns).

Jonnyslop the Grave Robber (Deep Dwarf Necromancer)  Turns: 998, Time: 00:02:54

Health: -1/22      AC:  2    Str: 11    XL:     2   Next: 86%
Magic:  5/5        EV: 12    Int: 15    God:
Gold:   20         SH:  0    Dex: 13    Spells: 4/6 levels left

rFire    . . .     SeeInvis .   j - +1 dagger (venom)
rCold    . . .     Faith    .   (no shield)
rNeg     . . .     Spirit   .   a - +0 robe
rPois    .         Reflect  .   (no helmet)
rElec    .         Harm     .   (no cloak)
rCorr    .         Rampage  .   (no gloves)
Will     .....                  (no boots)
Stlth    ++........             (no amulet)
HPRegen  0.00/turn              (no ring)
MPRegen  0.09/turn              (no ring)

@: non-regenerating
A: damage resistance, heal wounds, sense surroundings 1, no regeneration
a: Heal Wounds


You were on level 2 of the Dungeon.
You visited 1 branch of the dungeon, and saw 2 of its levels.

You collected 20 gold pieces.

Inventory:

Hand Weapons
 j - a +1 dagger of venom (weapon)
Armour
 a - a +0 robe (worn)
Scrolls
 c - 3 scrolls of identify {unknown}
 d - 3 scrolls of remove curse {unknown}
 f - a scroll of teleportation {unknown}
Potions
 b - 2 potions of mutation {unknown}
 e - a potion of attraction {unknown}
 g - a potion of curing {unknown}
 h - a potion of brilliance {unknown}
 i - a potion of lignification {unknown}
 k - a potion of might {unknown}


   Skills:
 - Level 2.1 Dodging
 - Level 2.4 Stealth
 * Level 2.6 Spellcasting
 + Level 4.7 Necromancy


You had 4 spell levels left.
You knew the following spells:

 Your Spells              Type           Power        Failure   Level
a - Pain                  Necr           64%          3%          1
b - Animate Skeleton      Necr           32%          3%          1

Your spell library contained the following spells:

 Spells                   Type           Power        Failure   Level
 Vampiric Draining        Necr           8%           9%          3
 Animate Dead             Necr           8%           30%         4
 Agony                    Necr           16%          63%         5


Dungeon Overview and Level Annotations

Branches:
Dungeon (1/15)

Altars:
Yredelemnul

Annotations:
D:2 Terence


Innate Abilities, Weirdness & Mutations

You are resistant to damage.
You can heal yourself by infusing magical energy.
You passively map a small area around you.
You do not regenerate.


Message History

Your bat skeleton hits Terence but does no damage. x2
The frilled lizard closely misses your bat skeleton.
Terence hits your bat skeleton with a +0 short sword of speed.
Your bat skeleton is destroyed!
Terence screams, "I want your blood!" Terence looks scornfully at you.
The frilled lizard unfolds its giant frill.
Okay, then.
A hobgoblin comes into view. It is wielding a +0 club.
Found a brown potion.
Found a stone staircase leading down.
A hobgoblin comes into view.
There is a stone staircase leading down here.
Terence says, "How do you enjoy it?"
Found 6 boomerangs.
Found a ring mail.
The hobgoblin shouts!
The hobgoblin hits you.
* * * LOW HITPOINT WARNING * * *
Terence hits you with a +0 short sword of speed.
You die...

##* , ,..# ########## #.#
####........# #.#
#......l..#.######
#.####.##.##......([... ,
,,
###......##.#l.#..#.....#
##....l........###g.......
........>..!.#..#@....####*
##.#.##########.@.....#**,
#,#.# ##.#..#.# * #.#.#
###...##, ≈ ##.#.# #....# *
....l## #....# ##....# ###
###....#, #.##.# #..,
......# * * ##..#l# #.#
#..#.### * ....#.# #.#
......* ,≈


You could see Terence, a hobgoblin and a frilled lizard.

Vanquished Creatures
  2 leopard geckos
  A bat (D:2)
  A giant cockroach (D:2)
  4 goblins
  3 hobgoblins (D:1)
  A jackal (D:2)
  3 kobolds
  A ball python (D:1)
  3 frilled lizards
  2 rats (D:2)
21 creatures vanquished.

Notes
Turn   | Place    | Note
-------+----------+-------------------------------------------
     0 | D:1      | Jonnyslop the Deep Dwarf Necromancer began the quest for
                  | the Orb.
     0 | D:1      | Reached XP level 1. HP: 15/15 MP: 3/3
   286 | D:1      | Reached XP level 2. HP: 14/22 MP: 1/5
   288 | D:1      | Learned a level 1 spell: Animate Skeleton
   678 | D:1      | You fall into a shaft and drop 1 floor!
   680 | D:2      | Found a basalt altar of Yredelemnul.
   940 | D:2      | Noticed Terence
   998 | D:2      | Slain by Terence

Illustrated notes

Levels and vault maps discovered:
D:1:      dpeg_arrival_simpleton_a, layout_basic
D:2:      wad_river_or_something, layout_loops_ring, lemuel_doored_altar,
          lemuel_crystal_altar, corexii_item_surrounded_by_moat, uniq_jessica,
          uniq_terence

Skill      XL: |  1 |
---------------+----+-----
Spellcasting   | 2 |  2.6
Dodging        | |  2.1
Stealth        | |  2.4
Necromancy     | |  4.7

Action                   || total
-------------------------++-------
Melee: Dagger            ||     4
 Cast: Pain              ||    29
       Animate Skeleton  ||     9
Dodge: Dodged            ||     3
